 Dungeon Crawl Stone Soup version 0.27.1-34-g3ba077fa99 (webtiles) character file.

Game seed: 16556443915201709158

4 cbfl8 the Sneak (level 1, -10/19 HPs)
             Began as a Minotaur Delver on Jan 14, 2022.
             Was an Initiate of Yredelemnul.
             Killed by divine providence
             ... invoked by an orc priest
              (13 damage)
             ... on level 6 of the Dungeon.
             The game lasted 00:02:10 (652 turns).

cbfl8 the Sneak (Minotaur Delver)                    Turns: 652, Time: 00:02:10

Health: -10/19     AC:  3    Str: 16    XL:     1   Next: 50%
Magic:  0/0        EV: 11    Int:  7    God:    Yredelemnul [......]
Gold:   20         SH:  0    Dex: 11    Spells: 0/0 levels left

rFire    . . .     SeeInvis .   a - +0 hand axe
rCold    . . .     Faith    .   (no shield)
rNeg     . . .     Spirit   .   b - +0 leather armour
rPois    .         Reflect  .   (helmet restricted)
rElec    .         Harm     .   (no cloak)
rCorr    .         Rampage  .   (no gloves)
Will     .....                  (no boots)
Stlth    ++........             (no amulet)
HPRegen  0.06/turn              (no ring)
MPRegen  0.07/turn              (no ring)

@: no status effects
A: horns 2, retaliatory headbutt
a: Renounce Religion


You were on level 6 of the Dungeon.
You worshipped Yredelemnul.
Yredelemnul was noncommittal.
You visited 2 branches of the dungeon, and saw 3 of its levels.

You collected 20 gold pieces.

Inventory:

Hand Weapons
 a - a +0 hand axe (weapon)
 k - a +0 whip
 l - a +0 club
 m - a +0 war axe
Armour
 b - a +0 leather armour (worn)
Wands
 g - a wand of digging (3)
Scrolls
 c - a scroll of fog
 d - a scroll of magic mapping
 e - a scroll of fear
 j - a scroll of acquirement {unknown}
Potions
 f - a potion of haste
 h - a potion of berserk rage {unknown}
 i - a potion of curing {unknown}


   Skills:
 + Level 3.6 Fighting
 + Level 2.4 Axes
 + Level 0.1 Armour
 + Level 2.2 Dodging
 + Level 4.2 Stealth


You couldn't memorise any spells.
You didn't know any spells.
Your spell library was empty.

Dungeon Overview and Level Annotations

Branches:
Dungeon (6/15)             Temple (1/1) D:6

Altars:
Ashenzari
Cheibriados
Dithmenos
Elyvilon
Fedhas
Gozag
Hepliaklqana
Kikubaaqudgha
Makhleb
Nemelex Xobeh
Okawaru
Qazlal
Sif Muna
Trog
Uskayaw
Vehumet
Wu Jian
Xom
Yredelemnul
Zin
The Shining One


Innate Abilities, Weirdness & Mutations

You have a pair of horns on your head.
You reflexively headbutt those who attack you in melee.


Message History

The orc hits you but does no damage. The orc hits you with a +0 club.
You barely miss the orc.
The orc is almost dead.
The orc hits you with a +0 club.
You barely miss the orc. You headbutt the orc.
You kill the orc!
Yredelemnul accepts your kill.
You see here a +0 club.
You start resting.
HP restored.
You start waiting.
Done waiting.
l - a +0 club The orc barely misses you.
You furiously retaliate!
You headbutt the orc, but do no damage. You hit the orc.
The orc is moderately wounded.
The orc hits you with a +0 war axe!
You hit the orc.
The orc is heavily wounded.
The orc hits you with a +0 war axe!
* * * LOW HITPOINT WARNING * * *
The orc priest calls upon Beogh to heal the orc.
The orc's wounds heal themselves!
You hit the orc but do no damage. The orc completely misses you.
You hit the orc. Your headbutt misses the orc.
The orc is heavily wounded.
The orc closely misses you. You furiously retaliate!
You headbutt the orc.
You kill the orc!
Yredelemnul accepts your kill.
Things that are here:
a +0 war axe; a +0 leather armour; an orc corpse
m - a +0 war axe An orc priest is nearby!
An orc priest is nearby!
The orc priest calls down the wrath of Beogh upon you.
Beogh smites you!
Ouch! That really hurt!
You die...
Your body rises from the dead as a mindless zombie.

....#...#[...#
...#...#....###.....)..
#.#...................
#..........≈≈≈≈≈......
#.......≈≈≈≈≈≈≈≈≈....
#....o≈≈≈≈≈≈≈≈≈≈≈≈≈..#
#######.#..≈≈≈≈≈≈≈≈≈≈≈≈≈≈≈.#
#..........≈≈≈≈≈≈...≈≈≈≈≈≈.#
#......#...@[.....>.≈≈≈≈≈≈.#
#......#...≈≈≈≈≈≈...≈≈≈≈≈≈.#
#...........≈≈≈≈≈≈≈≈≈≈≈≈≈..#
#####.........≈≈≈≈≈≈≈≈≈....#
#....>......≈≈≈≈≈.......
#.......................
#####........########...
########## ####


You could see an orc priest.

Vanquished Creatures
  2 orcs (D:6)
  A bush (Temple)
3 creatures vanquished.

Vanquished Creatures (others)
  6 plants (Temple)
6 creatures vanquished.

Grand Total: 9 creatures vanquished

Notes
Turn   | Place    | Note
-------+----------+-------------------------------------------
     0 | D:5      | cbfl8 the Minotaur Delver began the quest for the Orb.
     0 | D:5      | Reached XP level 1. HP: 19/19 MP: 0/0
     3 | D:5      | Noticed an iguana
    55 | D:6      | Found a staircase to the Ecumenical Temple.
   110 | Temple   | Entered the Ecumenical Temple
   177 | Temple   | Became a worshipper of Yredelemnul the Dark
   473 | D:6      | Noticed an orc priest
   652 | D:6      | Killed from afar by an orc priest

Illustrated notes

Levels and vault maps discovered:
D:5:      minmay_octagon_keep, layout_basic, nicolae_ru_sacrificial_ziggurat,
          serial_shops, shop
D:6:      layout_basic, temple_pool_b, grunt_decor_one_mirror
Temple:   kilobyte_greek_temple

Action                   || total
-------------------------++-------
Melee: Hand axe          ||   128
       Headbutt          ||    46
Armor: Leather armour    ||     1
Dodge: Dodged            ||     4
